 Seeded DCSS version 0.29.1-2-gbd0b4ee654 (webtiles) character file.

Game seed: 86594 (custom seed)

97 Ashen the Chiller (level 4, -3/30 HPs)
             Began as a Demonspawn Ice Elementalist on Oct 31, 2022.
             Slain by a gnoll
             ... wielding a +0 club
              (4 damage)
             ... on level 3 of the Dungeon.
             The game lasted 00:06:44 (2638 turns).

Ashen the Chiller (Demonspawn Ice Elementalist)     Turns: 2638, Time: 00:06:45

Health: -3/30      AC:  3    Str:  8    XL:     4   Next: 42%
Magic:  3/8        EV: 12    Int: 19    God:
Gold:   105        SH:  0    Dex: 19    Spells: 4/8 levels left

rFire   . . .      SeeInvis .   g - +0 spear
rCold   . . .      Faith    .   (no shield)
rNeg    . . .      Spirit   .   j - +0 leather armour
rPois   .          Reflect  .   (no helmet)
rElec   .          Harm     .   (no cloak)
rCorr   .          Rampage  .   (no gloves)
Will    .....                   (no boots)
Stlth   ++........              (no amulet)
HPRegen 0.10/turn               a - +6 ring of dexterity
MPRegen 0.11/turn               r - ring of wizardry

@: no status effects
A: powered by death 1, powered by pain 1
a: no special abilities


You were on level 3 of the Dungeon.
You visited 1 branch of the dungeon, and saw 3 of its levels.

You collected 105 gold pieces.

Inventory:

Hand Weapons
 g - a +0 spear (weapon)
Armour
 j - a +0 leather armour (worn)
Jewellery
 a - a +6 ring of dexterity (left hand)
 r - a ring of wizardry (right hand)
Scrolls
 c - 4 scrolls of identify {unknown}
 e - a scroll of teleportation {unknown}
 f - a scroll of enchant weapon {unknown}
 h - a scroll of blinking {unknown}
 q - a scroll of immolation {unknown}
Potions
 b - a potion of magic
 d - a potion of resistance {unknown}
 i - 2 potions of attraction {unknown}
 k - a potion of invisibility {unknown}
 l - 2 potions of brilliance {unknown}
 m - a potion of lignification {unknown}
 n - a potion of cancellation {unknown}
 o - 2 potions of mutation {unknown}
 p - a potion of curing {unknown}


   Skills:
 + Level 2.6 Dodging
 + Level 2.7 Stealth
 + Level 2.7 Spellcasting
 + Level 4.1 Ice Magic


You had 4 spell levels left.
You knew the following spells:

 Your Spells              Type           Power      Damage    Failure   Level
a - Freeze                Ice            72%        1d9       1%          1
b - Frozen Ramparts       Ice            36%        1d6       5%          3

Your spell library contained the following spells:

 Spells                   Type           Power      Damage    Failure   Level
 Ozocubu's Armour         Ice            18%        N/A       5%          3
 Hailstorm                Conj/Ice       10%        3d5       36%         4


Dungeon Overview and Level Annotations

Branches:
Dungeon (3/15)

Altars:

Annotations:
D:2 Sigmund


Innate Abilities, Weirdness & Mutations

You regenerate a little health from kills.
You sometimes gain a little power by taking damage.


Message History

You barely miss the gnoll.
The gnoll is lightly wounded.
The gnoll hits you but does no damage.
A gnoll comes into view. It is wielding a +0 club.
The gnoll closely misses you.
The gnoll shouts!
You hit the gnoll.
The gnoll is lightly wounded.
The gnoll closely misses you.
A gnoll comes into view. It is wielding a +0 halberd.
The gnoll misses you.
Unknown command.
The gnoll hits you with a +0 club. The gnoll barely misses you.
The gnoll attacks as you move away! The gnoll hits you with a +0 club.
The gnoll closely misses you. The gnoll attacks as you move away!
The gnoll hits you with a +0 club. The gnoll hits you with a +0 club!
* * * LOW HITPOINT WARNING * * *
There is a stone staircase leading up here.
Casting: Freeze (safe; 1% risk of failure)
Confirm with . or Enter, or press ? or * to list all spells.
Aiming: Freeze (safe; 1% risk of failure)
Press: ? - help, Shift-Dir - straight line, f - gnoll
Aim: a gnoll, wielding a +0 club (lightly wounded, fast)
You freeze the gnoll.
The gnoll is heavily wounded.
The gnoll hits you with a +0 club.
* * * LOW HITPOINT WARNING * * *
The gnoll hits you with a +0 club.
* * * LOW HITPOINT WARNING * * *
Casting: Freeze (safe; 1% risk of failure)
Confirm with . or Enter, or press ? or * to list all spells.
Aiming: Freeze (safe; 1% risk of failure)
Press: ? - help, Shift-Dir - straight line, f/p - gnoll
Aim: a gnoll, wielding a +0 club (heavily wounded, fast)
You freeze the gnoll.
The gnoll is almost dead.
The gnoll hits you with a +0 club.
You die...

#.####.#........
#.....J#.......
#####.....##.##
..#####..#...... ..
.#.....(.##..###)..
..............#..##
#.#####.###.#......
###..###gl.####
#..#...##.@..##
#..........##
#...........#
.............#
.#..............
.............###
.##..######### #..
###


You could see a gnoll (fast) and a frilled lizard.

Vanquished Creatures
  Robin (D:2)
  An adder (D:3)
  3 dart slugs
  5 ball pythons
  2 endoplasms (D:2)
  3 giant cockroaches
  15 goblins
  12 hobgoblins
  A quokka (D:1)
  4 bats (D:1)
  3 frilled lizards
  7 kobolds
  6 rats
63 creatures vanquished.

Notes
Turn   | Place    | Note
-------+----------+-------------------------------------------
     0 | D:1      | Ashen the Demonspawn Ice Elementalist began the quest for
                  | the Orb.
     0 | D:1      | Reached XP level 1. HP: 13/13 MP: 3/3
   277 | D:1      | Gained mutation: You sometimes gain a little power by
                  | taking damage. [demonic ancestry]
   277 | D:1      | Reached XP level 2. HP: 19/19 MP: 1/5
  1259 | D:1      | Gained mutation: You regenerate a little health from kills.
                  | [demonic ancestry]
  1259 | D:1      | Reached XP level 3. HP: 19/24 MP: 4/6
  1263 | D:1      | Learned a level 3 spell: Frozen Ramparts
  1478 | D:2      | Identified the +0 helmet of Gravity {Fly Str+4 Int-2}
  1478 | D:2      | Noticed Robin
  1478 | D:2      | Noticed Sigmund
  1875 | D:2      | Reached skill level 4 in Ice Magic
  2282 | D:2      | Found a faded altar of an unknown god.
  2444 | D:2      | Reached XP level 4. HP: 30/30 MP: 7/7
  2490 | D:2      | Killed Robin
  2637 | D:3      | HP: 1/30 [gnoll/+0 club (5)]
  2638 | D:3      | Slain by a gnoll

Illustrated notes

Levels and vault maps discovered:
D:1:      co_arrival_square_in_a_square_in_a_square, layout_basic
D:2:      layout_rooms, hellmonk_ecumenical_altar_leap_of_faith, uniq_robin,
          uniq_sigmund
D:3:      layout_rooms, interstate_on_off, minmay_misc_feat_alley,
          nicolae_wormholes

Skill      XL: |  1  2  3 |
---------------+----------+-----
Stealth        | 2 |  2.7
Dodging        | 2 |  2.6
Ice Magic      | 4 |  4.1
Spellcasting   | |  2.7

Action                   |  1- 3 |  4- 6 || total
-------------------------+-------+-------++-------
Melee: Unarmed           |     2 |       ||     2
       Spear             |    85 |    18 ||   103
       Punch             |     2 |       ||     2
 Cast: Freeze            |    49 |     6 ||    55
       Frozen Ramparts   |       |     1 ||     1
 Stab: Sleeping          |     5 |       ||     5
       Distracted        |     1 |       ||     1
Armor: Robe              |    20 |       ||    20
       Leather armour    |    23 |     2 ||    25
Dodge: Dodged            |    92 |    17 ||   109
